 Seeded DCSS version 0.30-a0-883-g5ad918d77d (webtiles) character file.

Game seed: 8623002443555132345 (custom seed)

74 Mickster the Cutter (level 4, -2/48 HPs)
             Began as a Human Wanderer on Mar 15, 2023.
             Slain by a gnoll
             ... wielding a +0 spear
              (6 damage)
             ... on level 2 of the Dungeon.
             The game lasted 00:18:44 (1461 turns).

Mickster the Cutter (Human Wanderer)                Turns: 1461, Time: 00:18:45

Health: -2/48      AC:  7    Str: 10    XL:     4   Next: 52%
Magic:  4/4        EV: 10    Int: 14    God:
Gold:   72         SH:  0    Dex: 17    Spells: 3/3 levels left

rFire   . . .      SeeInvis .    a - +2 short sword (flame)
rCold   . . .      Faith    .    (no shield)
rNeg    . . .      Spirit   .    c - +0 ring mail
rPois   .          Reflect  .    (no helmet)
rElec   .          Rampage  .    (no cloak)
rCorr   .                        b - +0 pair of gloves
Will    .....                    (no boots) Stlth
                                 (no amulet)
HPRegen 0.28/turn                (no ring)
MPRegen 0.09/turn                (no ring)

@: berserking (expiring), very quick
A: hooves 1, camouflage 1, clever 1, evolution 1
a: no special abilities


You were on level 2 of the Dungeon.
You visited 1 branch of the dungeon, and saw 2 of its levels.

You collected 102 gold pieces.
You spent 30 gold pieces at shops.

Inventory:

Hand Weapons
 a - a +2 short sword of flaming (weapon)
 h - a +0 sling
Missiles
 g - 21 stones (quivered)
Armour
 b - a +0 pair of gloves (worn)
 c - a +0 ring mail (worn)
Scrolls
 e - a scroll of brand weapon
Potions
 f - a potion of haste
 i - a potion of mutation


   Skills:
 + Level 1.5 Fighting
 + Level 3.8 Short Blades
 + Level 0.5 Ranged Weapons
 + Level 3.8 Armour
 + Level 0.3 Dodging
 + Level 0.2 Stealth
 + Level 1.0 Unarmed Combat
 + Level 2.1 Evocations


You had 3 spell levels left.
You didn't know any spells.
Your spell library was empty.

Dungeon Overview and Level Annotations

Branches:
Dungeon (2/15)

Altars:

Shops:
D:1 (


Innate Abilities, Weirdness & Mutations

You have large cloven feet.
Your skin changes colour to match your surroundings (Stealth+).
Your mind is acute. (Int +4, Str/Dex -1)
You have hidden genetic potential.


Message History

You closely miss the hobgoblin. The gnoll hits you but does no damage.
The hobgoblin barely misses you.
You barely miss the hobgoblin. Your kick misses the hobgoblin.
The gnoll hits you from afar with a +0 spear.
The hobgoblin hits you.
You hit the hobgoblin. You burn the hobgoblin.
You kill the hobgoblin!
The gnoll hits you from afar with a +0 spear!
The gnoll hits you from afar with a +0 spear.
* * * LOW HITPOINT WARNING * * *
You feel a genetic drift.
You feel clever.
You see here 16 gold pieces.
A red film seems to cover your vision as you go berserk!
You feel yourself moving faster!
You feel mighty!
The gnoll hits you from afar with a +0 spear.
* * * LOW HITPOINT WARNING * * *
You feel a strong urge to attack something.
The gnoll hits you from afar with a +0 spear.
* * * LOW HITPOINT WARNING * * *
You see here a hobgoblin corpse.
You puncture the gnoll! You burn the gnoll.
The gnoll is severely wounded.
The gnoll hits you from afar with a +0 spear.
* * * LOW HITPOINT WARNING * * *
The gnoll barely misses you.
You closely miss the gnoll. Your kick misses the gnoll.
The gnoll is severely wounded.
You closely miss the gnoll.
The gnoll is severely wounded.
The gnoll hits you from afar with a +0 spear.
* * * LOW HITPOINT WARNING * * *
The gnoll hits you with a +0 spear.
* * * LOW HITPOINT WARNING * * *
You puncture the gnoll! You burn the gnoll.
You kill the gnoll!
A kobold comes into view. It is wielding a +0 whip.
The kobold shouts!
The gnoll hits you from afar with a +0 spear.
You die...

##.....##....#
###'### ...... #.#
..##### #.# ..#
####.# #### ##.
#....# ..# ...
#.##.# #.# ..#
#.#### ####.###..#
#.# ##..[.†@gg.#
#.#####..#.$####).#
#.......##.## K..
#####.#.#..# .
#†#.#... #.#.##..
#.#..#### #..#. ##.
..


You could see 2 gnolls and a kobold.

Vanquished Creatures
  A gnoll (D:2)
  2 adders (D:2)
  A dart slug (D:1)
  A bat (D:2)
  2 endoplasms
  3 giant cockroaches
  4 goblins
  6 hobgoblins
  8 kobolds
  3 quokkas
  5 ball pythons
  3 frilled lizards (D:1)
  3 rats (D:1)
42 creatures vanquished.

Notes
Turn   | Place    | Note
-------+----------+-------------------------------------------
     0 | D:1      | Mickster the Human Wanderer began the quest for the Orb.
     0 | D:1      | Mickster set off with the following items: a +2 short
                  | sword, a potion of attraction, a +0 ring mail, a potion of
                  | berserk rage.
     0 | D:1      | Reached XP level 1. HP: 15/15 MP: 1/1
   164 | D:1      | Reached XP level 2. HP: 21/21 MP: 2/2
   378 | D:1      | Reached XP level 3. HP: 19/26 MP: 3/3
   721 | D:1      | Noticed a floating eye
   723 | D:1      | Noticed a shining eye
   725 | D:1      | Found a faded altar of an unknown god.
   726 | D:1      | Found Techioro's Weapon Boutique.
   727 | D:1      | Noticed an eye of devastation
   728 | D:1      | Noticed a great orb of eyes
   744 | D:1      | Bought 7 stones for 9 gold pieces
   744 | D:1      | Bought a +0 sling for 21 gold pieces
  1065 | D:2      | Gained mutation: Your skin changes colour to match your
                  | surroundings (Stealth+). [potion of mutation]
  1065 | D:2      | Gained mutation: You have large cloven feet. [potion of
                  | mutation]
  1065 | D:2      | Gained mutation: You have hidden genetic potential. [potion
                  | of mutation]
  1388 | D:2      | Reached XP level 4. HP: 27/32 MP: 4/4
  1453 | D:2      | Gained mutation: Your mind is acute. (Int +4, Str/Dex -1)
                  | [hidden potential]
  1461 | D:2      | Slain by a gnoll

Illustrated notes

Levels and vault maps discovered:
D:1:      dpeg_arrival_ternary, layout_loops_cross,
          hellmonk_ecumenical_altar_watching_god, serial_shops, shop,
          minmay_ruptured
D:2:      layout_basic, fountainhead, grunt_ministairs_9, interstate_on_off,
          minmay_close_crescents

Action                     |  1- 3 |  4- 6 || total
---------------------------+-------+-------++-------
  Melee: Short sword       |    80 |    19 ||    99
         Punch             |     1 |       ||     1
         Kick              |     3 |     3 ||     6
   Fire: Sling             |     8 |       ||     8
    Use: Scroll            |     7 |     1 ||     8
         Potion            |     2 |     1 ||     3
   Stab: Sleeping          |     2 |       ||     2
         Distracted        |       |     1 ||     1
 Armour: Ring mail         |    44 |     5 ||    49
  Dodge: Dodged            |    50 |    13 ||    63

Table legend: (Time is in decaauts)
 A = Elapsed time spent in this place.
 B = Non-inter-level travel time spent in this place.
 C = Inter-level travel time spent in this place.
 D = Time resting spent in this place.
 E = Time spent auto-exploring this place.
 F = Levels seen in this place.
 G = Mean time per level.
                   A        B        C        D        E       F      G
               +--------+--------+--------+--------+--------+-----+--------+
         Total |   1444 |   1317 |    127 |      0 |      0 |   2 |  722.0 |
       Dungeon |   1444 |   1317 |    127 |      0 |      0 |   2 |  722.0 |
               +--------+--------+--------+--------+--------+-----+--------+

Top non-repeatable levels by time:
     D:1: 1012 daAuts
     D:2: 432 daAuts
